 Dungeon Crawl Stone Soup version 0.16-a0-4112-g89a4107 (webtiles) character file.

299452 Eptagon the Hoplite (level 21, 0/160 HPs)
             Began as a Formicid Fighter on Feb 27, 2015.
             Was the Champion of Cheibriados.
             Splashed by an acid blob's acid (5 damage)
             ... on level 4 of the Pits of Slime.
             The game lasted 02:51:59 (46096 turns).

Eptagon the Hoplite (Formicid Fighter)             Turns: 46096, Time: 02:51:59

Health: 0/160      AC:  7    Str: 48    XL:     21   Next: 89%
Magic:  0/27       EV: 23    Int: 25    God:    Cheibriados [******]
Gold:   1400       SH:  0    Dex: 32    Spells: 4 memorised, 1 level left

rFire  + . .     SeeInvis +     a - +9 broad axe of the Wilderness {venom, *Rage rPois rC- MP-9 Str+5}
rCold  + . .     Clarity  .     k - +3 chain mail {rF+}
rNeg   . . .     SustAb   .     Z - +0 large shield
rPois  +         Gourm    .     (helmet unavailable)
rElec  .         Spirit   .     I - +0 cloak {+Inv}
rCorr  .         Warding  .     X - +0 pair of gloves
rMut   +         Stasis   +     Q - +1 pair of boots of Distant Shores {rC++ Stlth+}
MR     ++...                    y - amulet of resist mutation
Stlth  ..........               h - ring of wizardry
                                f - +6 ring of strength

@: confused, corroded equipment, very slow, very resistant to hostile
enchantments, extremely unstealthy
A: permanent stasis, dig shafts and tunnels, four strong arms, antennae 3,
screaming 1
a: Dig, Shaft Self, Bend Time, Temporal Distortion, Slouch, Step From Time,
Renounce Religion, Evoke Invisibility
}: 2/15 runes: serpentine, barnacled


You were on level 4 of the Pits of Slime.
You worshipped Cheibriados.
Cheibriados was exalted by your worship.
You were not hungry.

You visited 7 branches of the dungeon, and saw 42 of its levels.
You also visited: Ossuary and Ice Cave.

You collected 3890 gold pieces.
You spent 2490 gold pieces at shops.

Inventory:

Hand weapons
 a - the +9 broad axe of the Wilderness (weapon) {venom, *Rage rPois rC- MP-9 Str+5}
   (You bought it in a shop on level 9 of the Dungeon)

   It poisons the flesh of those it strikes.
   It affects your strength (+5).
   It makes you vulnerable to cold.
   It protects you from poison.
   It affects your magic capacity (-9).
   It may make you go berserk in combat.
 b - a +1 battleaxe of flaming
Armour
 k - a +3 chain mail of fire resistance (worn)
 I - a +0 cloak of invisibility (worn)
 Q - the +1 pair of boots of Distant Shores (worn) {rC++ Stlth+}
   (You found it on level 13 of the Dungeon)

   It greatly protects you from cold.
   It makes you more stealthy.
 X - a +0 pair of gloves (worn)
 Z - a +0 large shield (worn)
Jewellery
 f - a +6 ring of strength (left hand)
 h - a ring of wizardry (right hand)
 l - an uncursed amulet of resist corrosion
 r - an uncursed amulet of regeneration
 y - an amulet of resist mutation (around neck)
 A - an uncursed ring of invisibility
 M - an uncursed ring of positive energy
 R - an uncursed ring of sustain abilities
Magical devices
 n - a wand of fireball (2)
 s - a wand of heal wounds (7)
 C - a wand of heal wounds (4)
 D - a wand of cold (9)
 Y - a wand of fire (3)
Scrolls
 g - 13 scrolls of remove curse
 m - 3 scrolls of recharging
 q - 4 scrolls of magic mapping
 x - 2 scrolls of summoning
 F - 3 scrolls of enchant weapon
 J - 9 scrolls of fog
 O - a scroll of silence
 P - 4 scrolls of amnesia
 T - 5 scrolls of identify
Potions
 e - 4 potions of might
 i - 5 potions of cancellation
 p - 7 potions of restore abilities
 t - 2 potions of cure mutation
 v - 12 potions of curing
 w - 4 potions of invisibility
 z - 3 potions of brilliance
 B - 10 potions of heal wounds
 K - 6 potions of agility
 U - 3 potions of magic
 W - a potion of resistance
Miscellaneous
 c - a fan of gales
 u - a phantom mirror
 E - a stone of tremors
Comestibles
 d - 19 bread rations
 j - 14 meat rations
 o - 3 beef jerkies
 H - 13 slices of pizza
 N - 16 royal jellies
 S - 11 fruits


   Skills:
 - Level 12.6 Fighting
 - Level 18.0 Axes
 - Level 15.0 Armour
 - Level 11.0 Dodging
 + Level 23.1 Shields
 + Level 7.3 Charms
 + Level 7.2 Air Magic
 - Level 14.0 Invocations


You had one spell level left.
You knew the following spells:

 Your Spells              Type           Power        Failure   Level  Hunger
a - Flight                Chrm/Air       #####.....   2%          3    ####...
b - Deflect Missiles      Chrm/Air       #####.....   90%         6    #######
c - Lee's Rapid Deconstr  Erth           #.........   99%         5    ######.
d - Silence               Hex/Air        ###.......   83%         5    ######.


Dungeon Overview and Level Annotations

Branches:
Dungeon (15/15)            Temple (1/1) D:5            Lair (8/8) D:11
 Shoals (5/5) Lair:4        Snake (5/5) Lair:5        Slime (4/6) Lair:6
    Orc (4/4) D:11            Elf (0/3) Orc:4        Vaults (0/5) D:14
 Depths (0/5) D:15

Altars:
Ashenzari
Cheibriados
Elyvilon
Okawaru
Sif Muna
Trog
Xom
Yredelemnul
Zin
Beogh
Jiyva

Shops:
D:9 ((   Orc:1 *   Orc:3 [   Orc:4 :*(?:   Snake:4 (!*

Portals:
Pandemonium: Orc:4


Innate Abilities, Weirdness & Mutations

You are under a permanent stasis effect.
You can dig through walls and to a lower floor.
Your four strong arms can wield two-handed weapons with a shield.
You have a pair of large antennae on your head (SInv).
You occasionally shout uncontrollably at your foes.


Message History

* * * LOW HITPOINT WARNING * * *
The acid corrodes your equipment!
The acid burns!
* * * LOW HITPOINT WARNING * * *
A slime creature comes into view.
Evoke which item? (* to show all) (? for menu, Esc to quit)
Zapping:
C - a wand of heal wounds (5)
Press: ? - help, Shift-Dir - straight line, f - you Nothing appears to happen.
This wand has 4 charges left.
The golden eye blinks at you. You resist with some effort.
The azure jelly closely misses you. The azure jelly misses you. x3
The golden eye blinks at you. You resist with almost no effort.
The golden eye blinks at you. You resist with almost no effort.
The acid blob spits acid at you. The splash of acid hits you!
* * * LOW HITPOINT WARNING * * *
The acid burns!
You die...

... ....G....
..........
....G...#
.......# #.
......#...
##§G.......
##.GJG.......
#G.G@GG......
......G..J......#
.......JJ......
.....J.J..J....
<....GJ..J....#
.G....JJG....
.......J#..
..J.J.... ...


You could see 2 acid blobs, an azure jelly, a great orb of eyes, 11 slime
creatures, 4 shining eyes, 2 eyes of draining and 6 golden eyes.

Vanquished Creatures
  Mara (Snake:5)
  Vashnia (Snake:3)
  A kraken (Shoals:5)
  9 acid blobs
  Agnes (Snake:4)
  Kirke (Shoals:3)
  Frances (Snake:4)
  Ilsuiw (Shoals:5)
  Donald (Shoals:3)
  4 azure jellies
  Aizul (Snake:2)
  13 greater nagas
  Snorg (Shoals:3)
  9 merfolk javelineers
  A death ooze (Slime:3)
  8 merfolk impalers
  5 vault guards (D:14)
  2 blizzard demons (IceCv)
  10 hydras
  2 great orbs of eyes (Slime:1)
  Harold (Lair:1)
  The ghost of haldagan the Nimble, a powerful MfIE of Qazlal (Lair:1)
  Nessos (D:13)
  17 naga warriors
  7 merfolk avatars
  8 anacondas
  Erica (Lair:1)
  5 centaur warriors
  2 alligator snapping turtles
  A satyr (Shoals:4)
  5 death yaks
  4 merfolk aquamancers
  4 orc high priests (Orc:4)
  7 shock serpents
  14 naga sharpshooters
  Nergalle (D:10)
  Erolcha (Orc:1)
  2 catoblepae (Lair:8)
  6 ice devils (IceCv)
  4 skeletal warriors (D:13)
  5 salamander mystics
  17 naga ritualists
  15 sea snakes
  An unseen horror (D:15)
  2 ice statues (IceCv)
  3 putrid demonspawn (Orc:4)
  A necromancer (D:15)
  19 harpies
  4 wizards
  4 orc knights (Orc:4)
  A golden dragon skeleton (D:15)
  A wolf spider zombie (D:15)
  6 shining eyes
  An oklob plant (Orc:1)
  7 water nymphs
  8 hill giants
  13 ugly things
  15 mana vipers
  A fire giant zombie (D:15)
  15 manticores
  4 griffons
  7 orc sorcerers (Orc:4)
  8 fauns
  A phantasmal warrior (D:15)
  A frost giant skeleton (D:15)
  3 cyclopes
  15 salamanders
  A centaur zombie (D:10)
  Maurice (Orc:4)
  6 elephants (Lair:8)
  13 spiny frogs
  3 guardian serpents
  A rust devil (Snake:4)
  6 drowned souls
  Joseph (D:8)
  55 black mambas
  13 sirens
  37 naga magi
  A smoke demon (Snake:4)
  A torpor snail (Lair:3)
  An orange demon (Orc:4)
  7 centaur skeletons
  An eye of devastation (Slime:3)
  Psyche (D:13)
  A kobold demonologist (D:13)
  A yaktaur (D:14)
  7 komodo dragons
  A fire drake (Lair:3)
  A tengu conjurer (D:14)
  3 red devils
  5 trolls
  A spriggan druid (Lair:8)
  2 two-headed ogres
  A queen bee (Lair:7)
  A freezing wraith (D:14)
  35 merfolk
  2 guardian mummies (D:15)
  27 blink frogs
  12 polar bears
  2 golden dragon simulacra (IceCv)
  2 wind drakes (Shoals:1)
  5 blue devils (IceCv)
  Grinder (D:5)
  Prince Ribbit (Lair:1)
  3 deep elf magi
  A trapdoor spider (D:12)
  73 slime creatures
  13 snapping turtles
  A deep troll zombie (D:15)
  6 redbacks (Lair:8)
  5 water elementals
  4 basilisks
  8 spriggans (Lair:8)
  4 shadows
  A dire elephant simulacrum (IceCv)
  4 wyverns
  Eustachio (D:8)
  10 golden eyes
  3 steam dragons
  2 harpy simulacra (IceCv)
  6 hogs (Shoals:3)
  A human (D:14)
  Grum (Orc:2)
  2 deep elf fighters
  3 hungry ghosts
  37 yaks
  6 vampire mosquitoes
  29 wolves
  2 soldier ants
  A mottled dragon (D:11)
  A ynoxinul (Orc:4)
  12 hippogriffs
  Edmund (D:5)
  9 porcupines
  3 putrid demonspawn zombies (Orc:4)
  3 iron troll simulacra (IceCv)
  3 wargs
  58 nagas
  5 ice beasts
  3 wasps (Lair:8)
  2 hydra simulacra (IceCv)
  34 water moccasins
  4 black bears
  32 orc warriors
  4 sky beasts
  11 eyes of draining
  13 ogres
  11 centaurs
  16 crocodiles
  Blork the orc (D:4)
  A wyvern zombie (D:13)
  2 big kobolds
  12 giant frogs
  3 scorpions
  2 vampire bats (Lair:2)
  34 killer bees
  3 wights (D:8)
  18 jellies
  A quasit (D:11)
  3 electric eels
  13 crimson imps
  5 goliath beetles
  43 orc priests
  4 giant frog skeletons
  19 hounds
  2 human zombies (Ossuary)
  33 orc wizards
  10 iguanas
  Natasha (twice) (D:6)
  A killer bee zombie (D:5)
  23 worker ants
  19 sheep (Lair:8)
  A big kobold zombie (Ossuary)
  5 mummies
  A hound skeleton (D:6)
  A worker ant zombie (D:5)
  18 gnolls
  23 adders
  42 river rats
  3 shadow imps
  13 white imps
  8 giant mites
  2 worms (D:2)
  2 adder skeletons
  5 giant geckos
  8 oozes
  239 orcs
  A ball python (D:1)
  12 giant cockroaches
  A gnoll zombie (Ossuary)
  53 goblins
  46 hobgoblins
  10 jackals
  29 kobolds
  14 quokkas
  23 bats
  2 giant gecko zombies
  7 giant newts
  2 giant spores
  A goblin zombie (Ossuary)
  A kobold zombie (Ossuary)
  11 orc zombies
  A quokka skeleton (D:5)
  A quokka zombie (D:5)
  16 rats
  A rat zombie (D:5)
  A spectral orc (D:10)
  5 ballistomycetes
  A butterfly (D:8)
  7 fungi
  27 plants
  4 tentacles (Shoals:5)
1957 creatures vanquished.

Vanquished Creatures (collateral kills)
  An adder skeleton (D:7)
  A jackal (D:7)
2 creatures vanquished.

Vanquished Creatures (others)
  A merfolk javelineer (Shoals:5)
  A naga warrior (Snake:5)
  A black mamba (Snake:3)
  8 drowned souls
  An orc priest (Orc:4)
  A worker ant (D:6)
  2 orcs (Orc:1)
  A quokka (D:15)
  2 giant spores (D:6)
  A ballistomycete (D:6)
  4 fungi
  7 plants
  5 tentacles (Shoals:5)
  185 tentacle segments (Shoals:5)
220 creatures vanquished.

Grand Total: 2179 creatures vanquished

Notes
Turn   | Place    | Note
--------------------------------------------------------------
     0 | D:1      | Eptagon, the Formicid Fighter, began the quest for the Orb.
     0 | D:1      | Reached XP level 1. HP: 18/18 MP: 1/1
   200 | D:1      | Reached XP level 2. HP: 24/24 MP: 3/3
   638 | D:2      | Reached XP level 3. HP: 18/29 MP: 4/4
  1012 | D:2      | Reached XP level 4. HP: 37/37 MP: 5/5
  1571 | D:3      | Reached skill level 4 in Fighting
  1830 | D:3      | Reached XP level 5. HP: 27/42 MP: 7/7
  2185 | D:3      | Reached skill level 5 in Axes
  2185 | D:3      | Reached XP level 6. HP: 47/49 MP: 8/8
  2808 | D:4      | Reached skill level 5 in Fighting
  3623 | D:4      | Reached XP level 7. HP: 52/56 MP: 9/9
  3731 | D:4      | Noticed Blork the orc
  3749 | D:4      | Killed Blork the orc
  3749 | D:4      | Reached skill level 6 in Axes
  4386 | D:5      | Entered Level 5 of the Dungeon
  4403 | D:5      | Noticed Edmund
  4465 | D:5      | Killed Edmund
  4628 | D:5      | Found a sand-covered staircase.
  4639 | D:5      | Reached XP level 8. HP: 59/64 MP: 11/11
  4647 | D:5      | Found a staircase to the Ecumenical Temple.
  4653 | Temple   | Entered the Ecumenical Temple
  4662 | Temple   | Became a worshipper of Cheibriados the Contemplative
  4684 | Ossuary  | Entered an ossuary
  4729 | Ossuary  | Reached skill level 7 in Axes
  5249 | D:5      | Reached skill level 8 in Axes
  5719 | D:5      | Found a white marble altar of Elyvilon.
  6480 | D:6      | Reached XP level 9. HP: 69/72 MP: 12/12
  6690 | D:6      | Noticed Natasha
  6713 | D:6      | Killed Natasha
  6733 | D:6      | Reached skill level 9 in Axes
  6882 | D:6      | Noticed a troll
  6943 | D:6      | Noticed Grinder
  7836 | D:5      | Killed Grinder
  7866 | D:5      | Reached skill level 10 in Axes
  7986 | D:6      | Noticed Natasha
  7994 | D:6      | Killed Natasha
  8380 | D:7      | Acquired Cheibriados' first power
  9001 | D:7      | Reached skill level 5 in Armour
  9041 | D:7      | Reached XP level 10. HP: 81/83 MP: 13/13
  9068 | D:7      | Acquired Cheibriados' second power
  9136 | D:7      | Reached skill level 1 in Invocations
  9410 | D:8      | Noticed Eustachio
  9430 | D:8      | Killed Eustachio
  9508 | D:8      | Reached skill level 5 in Invocations
  9591 | D:8      | Noticed Joseph
  9603 | D:8      | Killed Joseph
  9750 | D:8      | Found a runed door.
  9761 | D:8      | Acquired Cheibriados' third power
  9796 | D:8      | Found a runed door.
 10116 | D:9      | Found Qaifaelu's Antique Weapon Shoppe.
 10147 | D:9      | Bought a slimy broad axe for 225 gold pieces
 10148 | D:9      | Identified the +9 broad axe of the Wilderness {venom, *Rage rPois rC- MP-9 Str+5} (You bought it in a shop on level 9 of the Dungeon)
 10291 | D:9      | Reached XP level 11. HP: 25/89 MP: 14/25
 10890 | D:9      | Found Juroext's Antique Weapon Emporium.
 11443 | D:10     | Entered Level 10 of the Dungeon
 11553 | D:10     | Reached skill level 1 in Dodging
 11555 | D:10     | Reached skill level 10 in Invocations
 11738 | D:10     | Noticed a hill giant
 11752 | D:10     | Killed a hill giant
 11967 | D:10     | Reached skill level 11 in Invocations
 12004 | D:10     | Noticed Nergalle
 12012 | D:10     | Killed Nergalle
 12091 | D:10     | Noticed a four-headed hydra
 12094 | D:10     | Noticed a cyclops
 12097 | D:10     | Noticed a hill giant
 12100 | D:10     | Killed a six-headed hydra
 12100 | D:10     | Reached skill level 12 in Invocations
 12106 | D:10     | Killed a hill giant
 12106 | D:10     | Reached XP level 12. HP: 54/95 MP: 4/29
 12109 | D:10     | Killed a cyclops
 13052 | D:11     | Found a staircase to the Lair.
 13070 | D:11     | Noticed a centaur warrior
 13076 | D:11     | Killed a centaur warrior
 13076 | D:11     | Reached skill level 5 in Dodging
 13076 | D:11     | Reached skill level 13 in Invocations
 13132 | D:11     | Found a staircase to the Orcish Mines.
 14010 | Lair:1   | Entered Level 1 of the Lair of Beasts
 14128 | Lair:1   | Noticed haldagan's ghost (powerful MfIE)
 14152 | Lair:1   | Killed haldagan's ghost
 14490 | Lair:1   | Reached skill level 14 in Invocations
 14588 | Lair:1   | Noticed Prince Ribbit
 14592 | Lair:1   | Killed Prince Ribbit
 14689 | Lair:1   | Noticed Erica
 14701 | Lair:1   | Killed Erica
 14866 | Lair:1   | Noticed Harold
 14875 | Lair:1   | Killed Harold
 15483 | Lair:2   | Reached skill level 10 in Fighting
 15575 | Lair:2   | Reached XP level 13. HP: 94/103 MP: 22/31
 16012 | Lair:2   | Found a basalt altar of Yredelemnul.
 16895 | Lair:3   | Reached skill level 5 in Shields
 17517 | Lair:4   | Found a staircase to the Shoals.
 18841 | Lair:5   | Found a staircase to the Snake Pit.
 19484 | Lair:6   | Reached XP level 14. HP: 113/113 MP: 23/32
 19718 | Lair:6   | Found a viscous altar of Jiyva.
 19719 | Lair:6   | Found a staircase to the Slime Pits.
 20275 | Lair:7   | Reached skill level 10 in Dodging
 20907 | Lair:7   | Reached skill level 10 in Shields
 21179 | Lair:7   | Identified a scroll of acquirement
 21180 | Lair:7   | Got a spiked cloak
 21191 | Lair:7   | Identified the +1 cloak "Purypp" {SInv} (You acquired it on level 7 of the Lair of Beasts)
 21250 | Lair:8   | Entered Level 8 of the Lair of Beasts
 22215 | Lair:8   | Reached XP level 15. HP: 104/118 MP: 23/32
 22777 | Lair:8   | Learned a level 3 spell: Flight
 23037 | Orc:1    | Entered Level 1 of the Orcish Mines
 23151 | Orc:1    | Found Yskuk's General Store.
 23170 | Orc:1    | Bought a scroll of identify for 20 gold pieces
 23170 | Orc:1    | Bought a scroll of identify for 20 gold pieces
 23315 | Orc:1    | Noticed Erolcha
 23325 | Orc:1    | Killed Erolcha
 23494 | Orc:2    | Noticed Grum
 23504 | Orc:2    | Found a roughly hewn altar of Beogh.
 23508 | Orc:2    | Killed Grum
 23508 | Orc:2    | Reached skill level 1 in Air Magic
 24105 | Orc:3    | Found Irchakal's Antique Armour Shop.
 24118 | Orc:3    | Bought a shimmering chain mail for 275 gold pieces
 24118 | Orc:3    | Bought a glowing plate armour for 667 gold pieces
 24128 | Orc:3    | Identified the cursed +0 chain mail "Gaohaall" {rN+} (You bought it in a shop on level 3 of the Orcish Mines)
 24208 | Orc:4    | Entered Level 4 of the Orcish Mines
 24570 | Orc:4    | Found a staircase to the Elven Halls.
 24611 | Orc:4    | Found Blihis' Book Shop.
 24676 | Orc:4    | Noticed Maurice
 24687 | Orc:4    | Killed Maurice
 24998 | Orc:4    | Found Lyesaobb's Magic Scroll Shop.
 25000 | Orc:4    | Found Tadghenla's General Store.
 25016 | Orc:4    | Bought a scroll of recharging for 114 gold pieces
 25016 | Orc:4    | Bought a scroll of recharging for 114 gold pieces
 25016 | Orc:4    | Bought a scroll of vulnerability for 90 gold pieces
 25016 | Orc:4    | Bought a scroll of enchant weapon for 90 gold pieces
 25437 | Orc:4    | Reached skill level 15 in Shields
 25872 | Orc:4    | Reached skill level 16 in Shields
 26240 | Orc:4    | Found Nanapu Loho's Antique Weapon Emporium.
 26240 | Orc:4    | Found Sturaz's Book Shoppe.
 26240 | Orc:4    | Found a one-way gate leading to the halls of Pandemonium.
 26937 | D:12     | Reached XP level 16. HP: 125/125 MP: 24/33
 27310 | D:13     | Got a pair of shimmering boots
 27321 | D:13     | Identified the +1 pair of boots of Distant Shores {rC++ Stlth+} (You found it on level 13 of the Dungeon)
 27423 | D:13     | Noticed Psyche
 27428 | D:13     | Killed Psyche
 27577 | D:13     | Noticed Nessos
 27587 | D:13     | Killed Nessos
 27587 | D:13     | Reached skill level 17 in Shields
 28131 | D:13     | Learned a level 6 spell: Deflect Missiles
 28190 | D:14     | Reached skill level 1 in Charms
 28825 | D:14     | Reached skill level 18 in Shields
 28845 | D:14     | Found a gate to the Vaults.
 29168 | D:15     | Entered Level 15 of the Dungeon
 29376 | D:15     | Reached skill level 19 in Shields
 29434 | D:15     | Found a white marble altar of Elyvilon.
 29508 | D:15     | Found a staircase to the Depths.
 29768 | D:15     | Found a bloodstained altar of Trog.
 29841 | D:15     | Reached XP level 17. HP: 129/131 MP: 25/34
 29898 | D:15     | Found an iron altar of Okawaru.
 30526 | Snake:1  | Entered Level 1 of the Snake Pit
 31199 | Snake:1  | Reached skill level 5 in Air Magic
 31781 | Snake:1  | Reached skill level 5 in Charms
 32026 | Snake:2  | Noticed Aizul
 32041 | Snake:2  | Killed Aizul
 32531 | Snake:2  | Found a deep blue altar of Sif Muna.
 33275 | Snake:3  | Noticed Vashnia
 33281 | Snake:3  | Reached skill level 15 in Axes
 33317 | Snake:3  | Killed Vashnia
 33679 | Snake:3  | Reached skill level 20 in Shields
 33684 | Snake:3  | Reached XP level 18. HP: 134/138 MP: 25/34
 34577 | Snake:4  | Found Biossett's Weapon Shoppe.
 34661 | Snake:4  | Noticed Agnes
 34670 | Snake:4  | Killed Agnes
 34682 | Snake:4  | Found Lisommur's Distillery.
 34702 | Snake:4  | Found a frozen archway.
 34736 | Snake:4  | Reached skill level 10 in Armour
 34745 | IceCv    | Entered an ice cave
 35329 | Snake:4  | Bought a potion of heal wounds for 80 gold pieces
 35329 | Snake:4  | Bought a potion of curing for 48 gold pieces
 35440 | Snake:4  | Noticed Frances
 35459 | Snake:4  | Killed Frances
 36005 | Snake:4  | Found Ufiawou's Assorted Antiques.
 36122 | Snake:4  | Bought a crude bronze ring for 115 gold pieces
 36122 | Snake:4  | Bought a potion of curing for 69 gold pieces
 36122 | Snake:4  | Bought a hardcover book for 345 gold pieces
 36122 | Snake:4  | Bought a scroll of recharging for 218 gold pieces
 36131 | Snake:4  | Identified the ring "Friagg" {-Cast rF- rN++ Str+4 Dex+4} (You bought it in a shop on level 4 of the Snake Pit)
 36174 | Snake:5  | Entered Level 5 of the Snake Pit
 36206 | Snake:5  | Reached XP level 19. HP: 60/143 MP: 15/35
 37423 | Snake:5  | Noticed Mara
 37445 | Snake:5  | Killed Mara
 37944 | Snake:5  | Got a serpentine rune of Zot
 38240 | Snake:5  | Learned a level 5 spell: Lee's Rapid Deconstruction
 38698 | Shoals:1 | Entered Level 1 of the Shoals
 38819 | Shoals:1 | Reached XP level 20. HP: 145/150 MP: 24/36
 38857 | Shoals:1 | Reached skill level 21 in Shields
 40112 | Shoals:3 | Noticed Snorg
 40121 | Shoals:3 | Killed Snorg
 40341 | Shoals:3 | Noticed Donald
 40344 | Shoals:3 | Killed Donald
 40392 | Shoals:3 | Noticed Kirke
 40409 | Shoals:3 | Killed Kirke
 41210 | Shoals:4 | Reached skill level 15 in Armour
 41532 | Shoals:5 | Entered Level 5 of the Shoals
 41862 | Shoals:5 | Reached skill level 22 in Shields
 41868 | Shoals:5 | Noticed Ilsuiw
 41882 | Shoals:5 | Killed Ilsuiw
 42205 | Shoals:5 | Reached XP level 21. HP: 146/158 MP: 26/36
 42317 | Shoals:5 | Identified Sif Muna's Collected Works on Companions
 42627 | Shoals:5 | Got a barnacled rune of Zot
 43025 | Lair:4   | Learned a level 5 spell: Silence
 43148 | Slime:1  | Entered Level 1 of the Pits of Slime
 44549 | Slime:2  | Gained mutation: You heal slowly when monsters are visible. [a shining eye]
 44621 | Slime:2  | Gained mutation: Your magical capacity is low (-10% MP). [a shining eye]
 44630 | Slime:2  | Gained mutation: You are frail (-10% HP). [a shining eye]
 44633 | Slime:2  | Lost mutation: Your magical capacity is low (-10% MP). [potion of cure mutation]
 44633 | Slime:2  | Lost mutation: You are frail (-10% HP). [potion of cure mutation]
 44633 | Slime:2  | Lost mutation: You heal slowly when monsters are visible. [potion of cure mutation]
 45771 | Slime:3  | Reached skill level 23 in Shields
 45824 | Slime:3  | Gained mutation: You occasionally shout uncontrollably at your foes. [a shining eye]
 46096 | Slime:4  | HP: 5/160 [acid blob/splash of acid (4)]
 46096 | Slime:4  | Splashed by an acid blob's acid

Action                   |  1- 3 |  4- 6 |  7- 9 | 10-12 | 13-15 | 16-18 | 19-21 || total
-------------------------+-------+-------+-------+-------+-------+-------+-------++-------
Melee: War axe           |    84 |   299 |   589 |       |       |       |       ||   972
       Battleaxe         |       |       |    64 |   135 |    17 |   175 |       ||   391
       Broad axe         |       |       |       |   381 |  1059 |   992 |  1348 ||  3780
       Unarmed           |       |       |       |     1 |       |       |       ||     1
 Cast: Flight            |       |       |       |       |       |     1 |    20 ||    21
Invok: Slouch            |       |       |       |     3 |     8 |     8 |     7 ||    26
       Step From Time    |       |       |       |     1 |     1 |       |       ||     2
 Abil: Dig               |       |     1 |     8 |     2 |     3 |     4 |     1 ||    19
Evoke: Wand              |       |       |       |     6 |     8 |     9 |     6 ||    29
  Use: Scroll            |       |     4 |    10 |     8 |    14 |     7 |     5 ||    48
       Potion            |       |     1 |     8 |     2 |       |       |     1 ||    12
 Stab: Petrified         |       |       |       |       |     3 |       |       ||     3
       Fleeing           |       |       |       |       |     1 |       |       ||     1
       Distracted        |       |       |       |       |       |     1 |       ||     1
  Eat: Chunk             |       |    10 |    16 |    16 |    28 |    29 |    21 ||   120
       Bread ration      |       |       |       |       |       |       |     1 ||     1
       Beef jerky        |       |       |       |       |       |       |     6 ||     6
